AoeStats
← Gim

Lombardia

508416296Analyzed
4v4 RM · 9d ago on Sep 22, 2026· 39m 49s· 8 players
Game mode
Random Map
Map size
Large (8 player)
Population
200
Speed
Normal
Resources
Standard
Victory
Conquest
Starting age
Dark Age
Ending age
Imperial Age
RankedLock teamsTeams togetherTeam positionsShared explorationLock speedFull tech treeHidden civsTurbo modeCheats
Victory
Defeat
1369
+13
🇹🇼 Jurchens · Taiwan
1363
+13
🇨🇳 Khmer · China
1337
+14
🇯🇵 Spanish · Japan
1277
+15
🇨🇳 Malay · China
1325
-15
🇭🇺 Poles · Hungary
1312
-15
🇭🇺 Burmese · Hungary
1296
-14
🇺🇿 Muisca · Uzbekistan
1227
-11
Chungus
7:25 Loom
9:52 Feudal Age
12:13 Forging
13:12 Horse Collar
16:03 Bloodlines
21:53 Castle Age
20:33 Scale Barding Armor
23:18 Heavy Plow
25:46 Wheelbarrow
27:22 Hand Cart
26:57 Town Watch
28:04 Hand Cart
29:40 Fervor
33:51 Imperial Age
31:57 Sanctity
31:39 Gold Mining
31:42 Stone Mining
32:13 Fortified Wall
31:44 Treadmill Crane
32:51 Man-at-Arms
33:16 Gambesons
33:32 Squires
33:41 Long Swordsman
34:54 Conscription
34:52 Scale Mail Armor
35:28 Iron Casting
36:00 Chemistry
34:29 Two-Handed Swordsman
35:36 Champion
37:32 Chain Mail Armor
38:17 Blast Furnace
37:39 Chain Barding Armor
38:00 Siege Engineers
39:46 Plate Mail Armor
40:38 Gold Shaft Mining
Gim
10:31 Feudal Age
10:58 Loom
13:55 Wheelbarrow
16:25 Castle Age
15:31 Double-Bit Axe
16:30 Loom
22:33 Scale Barding Armor
24:06 Husbandry
24:11 Horse Collar
25:40 Bow Saw
26:26 Heavy Plow
33:03 Imperial Age
31:28 Fletching
33:32 Elite Battle Elephant
33:50 Crossbowman
34:38 Bodkin Arrow
34:55 Squires
35:21 Bracer
35:52 Hand Cart
36:01 Thumb Ring
36:50 Forging
36:28 Arbalester
38:11 Conscription
38:48 Ballistics
Wololooo
9:44 Feudal Age
10:52 Double-Bit Axe
11:27 Horse Collar
14:47 Loom
20:12 Castle Age
18:52 Forging
18:42 Scale Mail Armor
19:22 Bloodlines
20:14 Stone Mining
21:03 Wheelbarrow
21:35 Husbandry
20:56 Light Cavalry
26:10 Stone Shaft Mining
26:14 Fortified Wall
27:37 Gold Mining
28:15 Hand Cart
30:40 Szlachta Privileges
31:24 Scale Barding Armor
31:35 Chain Mail Armor
32:01 Iron Casting
35:32 Imperial Age
32:40 Pikeman
33:21 Squires
33:47 Heavy Plow
36:45 Conscription
35:52 Capped Ram
40:17 Chain Barding Armor
40:58 Blast Furnace
karbid
2:53 Loom
10:29 Feudal Age
15:43 Castle Age
14:13 Double-Bit Axe
14:10 Horse Collar
16:14 Wheelbarrow
17:09 Scale Mail Armor
17:03 Town Watch
18:47 Champi Runner
19:51 Squires
20:59 Champi Warrior
23:32 Forging
27:35 Hand Cart
28:02 Herbalism
28:19 Heavy Plow
28:30 Bow Saw
28:10 Gold Mining
34:02 Imperial Age
33:27 Iron Casting
33:08 Chain Mail Armor
34:05 Elite Temple Guard
37:05 Plate Mail Armor
38:22 Fletching
38:55 Ballistics
38:31 Murder Holes
39:06 Bodkin Arrow
FoldedAunt23528
10:52 Feudal Age
14:29 Castle Age
13:00 Double-Bit Axe
13:26 Horse Collar
14:03 Stone Mining
16:22 Bow Saw
16:01 Loom
17:11 Heavy Plow
25:17 Gold Mining
27:06 Wheelbarrow
28:21 Town Watch
29:00 Hand Cart
32:25 Imperial Age
32:13 Caravan
32:44 Coinage
32:44 Fletching
33:00 Scale Barding Armor
33:43 Forging
33:11 Cavalier
33:51 Husbandry
34:01 Bloodlines
35:13 Two-Man Saw
35:22 Banking
35:02 Guilds
34:32 Paladin
35:42 Chain Barding Armor
35:58 Iron Casting
35:19 Bodkin Arrow
36:05 Conscription
37:00 Plate Barding Armor
41:12 Blast Furnace
40:12 Bracer
40:13 Padded Archer Armor
40:14 Scale Mail Armor
anny52086
8:10 Loom
10:54 Feudal Age
16:32 Castle Age
14:59 Double-Bit Axe
24:05 Wheelbarrow
24:38 Fervor
24:52 Horse Collar
25:52 Heavy Plow
28:13 Fletching
28:42 Bow Saw
28:26 Town Watch
29:12 Sanctity
28:55 Bodkin Arrow
29:25 Padded Archer Armor
30:21 Gold Mining
33:36 Stone Mining
34:21 Gold Shaft Mining
34:46 Ballistics
38:28 Imperial Age
36:14 Hand Cart
36:20 Hand Cart
36:55 Leather Archer Armor
38:54 Husbandry
39:04 Bloodlines
40:37 Stone Shaft Mining
娘子出來看上帝了
7:49 Loom
10:05 Feudal Age
14:07 Castle Age
12:10 Double-Bit Axe
13:55 Horse Collar
21:42 Scale Mail Armor
22:30 Forging
24:08 Wheelbarrow
24:49 Bow Saw
26:05 Heavy Plow
27:41 Iron Casting
27:12 Scale Barding Armor
28:44 Hand Cart
31:25 Imperial Age
29:09 Gold Mining
29:48 Chain Barding Armor
29:40 Bloodlines
30:33 Husbandry
30:42 Town Watch
31:57 Stone Mining
31:49 Heavy Camel Rider
33:10 Plate Barding Armor
33:30 Gold Shaft Mining
33:34 Conscription
34:53 Two-Man Saw
35:01 Blast Furnace
33:52 Fletching
34:46 Imperial Camel Rider
37:10 Caravan
KG789
11:24 Feudal Age
14:20 Castle Age
12:34 Double-Bit Axe
12:36 Horse Collar
14:33 Wheelbarrow
16:12 Bow Saw
17:20 Heavy Plow
18:04 Loom
26:45 Ballistics
29:18 Imperial Age
27:53 Hand Cart
27:49 Murder Holes
28:28 Bloodlines
28:19 Husbandry
28:53 Forging
28:49 Scale Barding Armor
28:37 Fletching
29:13 Gold Mining
29:15 Stone Mining
30:05 Chain Barding Armor
30:53 Gold Shaft Mining
30:53 Stone Shaft Mining
30:18 Bodkin Arrow
30:49 Siege Engineers
31:45 Chemistry
30:07 Elite Ballista Elephant
31:09 Conscription
31:38 Crop Rotation
31:54 Plate Barding Armor
31:43 Double Crossbow
33:06 Bracer
33:24 Masonry
33:42 Padded Archer Armor
36:12 Leather Archer Armor
38:05 Light Cavalry
Connection lost

Rejoining the realm…

Still unreachable

The connection could not be restored.

Session expired

The server has moved on; the page needs a fresh start.